 Dungeon Crawl Stone Soup version 0.22-a0-402-ga933591 (webtiles) character file.

1885 Ijustatesigmund the Cleaver (level 9, -8/63 HPs)
             Began as an Octopode Fighter on May 7, 2018.
             Was an Initiate of the Shining One.
             Mangled by a killer bee (10 damage)
             ... on level 7 of the Dungeon.
             The game lasted 00:11:51 (6596 turns).

Ijustatesigmund the Cleaver (Octopode Fighter)      Turns: 6596, Time: 00:11:51

Health: -8/63      AC:  1    Str: 15    XL:     9   Next: 14%
Magic:  9/9        EV: 14    Int: 11    God:    the Shining One [......]
Gold:   341        SH:  0    Dex: 14    Spells: 8/8 levels left

rFire    . . .     SeeInvis .   a - +1 war axe
rCold    . . .     Gourm    +   b - +0 shield
rNeg     + + .     Faith    .   (helmet restricted)
rPois    .         Spirit   .   m - amulet of the gourmand
rElec    .         Reflect  .   i - ring of stealth
rCorr    .         Harm     .   j - ring of positive energy
MR       .....                  k - ring of positive energy
Stlth    +.........             (no ring)
HPRegen  0.20/turn              (no ring)
MPRegen  0.11/turn              (no ring)
                                (no ring)
                                (no ring)

@: confused, lethally poisoned (-8 -> -29), hasted, glowing, very quick
A: almost no armour, stealthy swim, amphibious, 8 rings, constrict 8, camouflage
1, gelatinous body 1
a: Renounce Religion


You were on level 7 of the Dungeon.
You worshipped the Shining One.
The Shining One was noncommittal.
You were full.

You visited 2 branches of the dungeon, and saw 8 of its levels.

You collected 341 gold pieces.

Inventory:

Hand Weapons
 a - a +1 war axe (weapon)
 p - the cursed +1 mace of Foul Odors {pain, +Fly, unknown}
   (You found it on level 4 of the Dungeon)

   In the hands of one skilled in necromantic magic, it inflicts extra damage on
   living creatures.
   It lets you fly.
   It has a curse placed upon it.
   The Shining One disapproves of the use of such an item.
 r - the +3 hand axe of Castant {vamp, rElec rC+ Dex+4 Stlth-}
   (You found it on level 4 of the Dungeon)

   It inflicts no extra harm, but heals its wielder when it wounds a living foe.
   It affects your dexterity (+4).
   It protects you from cold.
   It insulates you from electricity.
   It makes you less stealthy.
   The Shining One disapproves of the use of such an item.
Armour
 b - a +0 shield (worn)
Jewellery
 i - a ring of stealth (left tentacle)
 j - a ring of positive energy (right tentacle)
 k - a ring of positive energy (on tentacle)
 m - an amulet of the gourmand (around mantle)
Wands
 e - a wand of random effects (8)
Scrolls
 f - 6 scrolls of remove curse
 g - 2 scrolls of teleportation
 l - 5 scrolls of identify
 o - a scroll of enchant weapon
 s - a scroll of magic mapping
Potions
 c - a potion of magic
 h - a potion of resistance
 n - a potion of flight
Comestibles
 d - 8 rations


   Skills:
 + Level 6.5 Fighting
 + Level 8.4 Axes
 - Level 5.7 Dodging
 + Level 4.1 Shields
 + Level 0.5 Invocations


You had 8 spell levels left.
You didn't know any spells.

Dungeon Overview and Level Annotations

Branches:
Dungeon (7/15)             Temple (1/1) D:7

Altars:
Cheibriados
Dithmenos
Fedhas
Gozag
Hepliaklqana
Nemelex Xobeh
Okawaru
Qazlal
Ru
Trog
Wu Jian
Xom
Yredelemnul
The Shining One

Shops:
D:7 (


Innate Abilities, Weirdness & Mutations

You cannot wear most types of armour.
You are very stealthy in the water. (Stealth+)
You are amphibious.
You can wear up to eight rings at the same time.
You can use your tentacles to constrict eight enemies at once.
Your skin changes colour to match your surroundings (Stealth+).
Your rubbery body absorbs attacks. (AC +1, EV +1)


Message History

* * * LOW HITPOINT WARNING * * *
You feel sick. The killer bee stings you.
* * * LOW HITPOINT WARNING * * *
The killer bee closely misses you. The killer bee stings you!
The Shining One protects you from harm! The killer bee stings you.
* * * LOW HITPOINT WARNING * * *
You are more poisoned.
The killer bee poisons you!
You feel yourself speed up.
* * * LOW HITPOINT WARNING * * *
You feel sick. The killer bee barely misses you.
The killer bee closely misses you. The killer bee completely misses you.
The killer bee barely misses you.
You bump into the metal wall.
* * * LOW HITPOINT WARNING * * *
You feel sick. The killer bee stings you.
* * * LOW HITPOINT WARNING * * *
The killer bee stings you!
You die...

. ?# .. . #.# #.# # #.#
#.# # #.# #.# # ##### #.#
#.# # ##PPP## #.# #####
#.###
#P...P###y#####...###.##.
#P.>..'.@y.............#.
#P...P#...####....###...#
##PPP###....##.#.## #).##
##### #.##......# #...#
#.#####.### #..#. #.# #.#
#...< #.. ..# #.... ###
#### #.##. #.# #


You could see 2 killer bees.

Vanquished Creatures
  A hippogriff (D:7)
  Menkaure (D:4)
  An orc warrior (D:5)
  An ice beast (D:5)
  3 ogres
  A sky beast (D:5)
  2 centaurs
  A bullfrog (D:6)
  2 scorpions
  4 wights
  2 killer bees (D:7)
  3 howler monkeys
  Crazy Yiuf (D:5)
  A hound (D:7)
  An orc wizard (D:4)
  Terence (D:3)
  4 worker ants
  A killer bee zombie (D:5)
  A worker ant zombie (D:7)
  7 adders
  A shadow imp (D:6)
  An adder skeleton (D:5)
  A worm (D:4)
  A dart slug (D:3)
  7 orcs
  2 ball pythons
  6 bats
  3 giant cockroaches
  11 goblins
  4 hobgoblins
  6 jackals
  3 quokkas
  3 frilled lizards
  7 kobolds
  A kobold skeleton (D:6)
  3 rats
99 creatures vanquished.

Vanquished Creatures (others)
  A crimson imp (D:6)
  An adder (D:6)
  An adder skeleton (D:6)
3 creatures vanquished.

Grand Total: 102 creatures vanquished

Notes
Turn   | Place    | Note
-------+----------+-------------------------------------------
     0 | D:1      | Ijustatesigmund the Octopode Fighter began the quest for the Orb.
     0 | D:1      | Reached XP level 1. HP: 16/16 MP: 1/1
   156 | D:1      | Reached XP level 2. HP: 20/21 MP: 2/2
   684 | D:2      | Reached skill level 3 in Axes
   684 | D:2      | Reached XP level 3. HP: 23/26 MP: 3/3
  1586 | D:3      | Reached XP level 4. HP: 23/31 MP: 4/4
  1886 | D:3      | Found a sparkling altar of Nemelex Xobeh.
  1889 | D:3      | Found an opulent altar of Gozag.
  1903 | D:3      | Found a bloodstained altar of Trog.
  1906 | D:3      | Found an ornate altar of the Wu Jian Council.
  2110 | D:3      | Found a stormy altar of Qazlal.
  2133 | D:3      | Noticed Terence
  2142 | D:3      | Killed Terence
  2142 | D:3      | Reached skill level 4 in Axes
  2394 | D:3      | Reached XP level 5. HP: 36/36 MP: 5/5
  2938 | D:4      | Noticed an ogre
  3028 | D:4      | Found a blossoming altar of Fedhas.
  3028 | D:4      | Found a hazy altar of Hepliaklqana.
  3036 | D:4      | Found an iron altar of Okawaru.
  3036 | D:4      | Found a snail-covered altar of Cheibriados.
  3047 | D:4      | Got a polished hand axe
  3050 | D:4      | Identified the +3 hand axe of Castant {vamp, rElec rC+ Dex+4 Stlth-} (You found it on level 4 of the Dungeon)
  3059 | D:4      | Killed an ogre
  3059 | D:4      | Reached skill level 5 in Axes
  3059 | D:4      | Reached XP level 6. HP: 30/42 MP: 6/6
  3172 | D:4      | Noticed Menkaure
  3181 | D:4      | Killed Menkaure
  3181 | D:4      | Reached skill level 6 in Axes
  3181 | D:4      | Reached skill level 5 in Dodging
  3181 | D:4      | Reached XP level 7. HP: 39/46 MP: 7/7
  3244 | D:4      | Found a sacrificial altar of Ru.
  3295 | D:4      | Got an ichor-stained mace
  3566 | D:5      | Entered Level 5 of the Dungeon
  3808 | D:5      | Found an opulent altar of Gozag.
  4375 | D:5      | Reached skill level 7 in Axes
  4375 | D:5      | Reached XP level 8. HP: 5/54 MP: 8/8
  4860 | D:5      | Found a runed door.
  4954 | D:5      | Reached skill level 5 in Fighting
  5198 | D:5      | Noticed Crazy Yiuf
  5204 | D:5      | Killed Crazy Yiuf
  5563 | D:6      | Found a runed door.
  5586 | D:6      | Found a basalt altar of Yredelemnul.
  5952 | D:6      | Reached skill level 8 in Axes
  6206 | D:7      | Noticed a hippogriff
  6215 | D:7      | Killed a hippogriff
  6215 | D:7      | Reached XP level 9. HP: 23/62 MP: 9/9
  6502 | D:7      | Found Icwilaq's Antique Weapon Shop.
  6542 | D:7      | Found a staircase to the Ecumenical Temple.
  6549 | Temple   | Entered the Ecumenical Temple
  6559 | Temple   | Became a worshipper of the Shining One
  6594 | D:7      | The Shining One protects you from harm!
  6594 | D:7      | HP: 1/63 [killer bee (4)]
  6596 | D:7      | Mangled by a killer bee

Vault maps used:
D:1:      dpeg_arrival_oval
D:2:      first_ration
D:3:      grunt_qazlal_clouds, grunt_temple_overflow_cloverleaf, uniq_terence
D:4:      kennysheep_mini, grunt_temple_overflow_open, uniq_menkaure
D:5:      nicolae_gozag_cash_rules_everything_around_me, uniq_crazy_yiuf_cottage
D:6:      dk_yredelemnul_ordeal
D:7:      zin_statuary, minmay_temple_entry_enclosed_plants, serial_shops, shop,
          grunt_livestock
Temple:   compressed_dpeg_triangle_lava_temple

Skill      XL: |  1  2  3  4  5  6  7  8  9 |
---------------+----------------------------+-----
Axes           | 3 4 5 6 7 8 |  8.4
Dodging        | 4 5 |  5.7
Fighting       | 4 6 |  6.5
Shields        | 4 |  4.1
Invocations    | |  0.5

Action                   |  1- 3 |  4- 6 |  7- 9 || total
-------------------------+-------+-------+-------++-------
Melee: War axe           |    52 |    34 |    13 ||    99
       Constrict         |    17 |    10 |    30 ||    57
       Tentacles         |     9 |     8 |    48 ||    65
       Hand axe          |       |     8 |   137 ||   145
Evoke: Wand              |       |     3 |     1 ||     4
  Use: Scroll            |     4 |     5 |     6 ||    15
       Potion            |     1 |     2 |     4 ||     7
 Stab: Sleeping          |     1 |     4 |     4 ||     9
       Distracted        |     1 |       |     1 ||     2
  Eat: Chunk             |     5 |     1 |    10 ||    16
       Ration            |       |     2 |     1 ||     3
Armor: Skin              |     4 |       |     6 ||    10
Dodge: Dodged            |    32 |    16 |    86 ||   134
Block: Shield            |    27 |    16 |    60 ||   103

Table legend:
 A = Spawn XP
 B = Non-spawn XP
 C = Spawn XP percentage of total XP
 D = Spawn monster count
 E = Non-spawn monster count
 F = Spawn count percentage of total count
 G = Total turns spent on level
                    A         B        C        D         E        F      G
               +---------+---------+-------+---------+---------+-------+---------
         Total |       0 |    2693 |   0.0 |       0 |      99 |   0.0 |  6596
               +---------+---------+-------+---------+---------+-------+---------
           D:1 |       0 |      17 |   0.0 |       0 |      10 |   0.0 |   562
           D:2 |       0 |      43 |   0.0 |       0 |      12 |   0.0 |   858
           D:3 |       0 |     124 |   0.0 |       0 |      29 |   0.0 |  1384
           D:4 |       0 |     571 |   0.0 |       0 |      12 |   0.0 |   762
           D:5 |       0 |     802 |   0.0 |       0 |      16 |   0.0 |  1656
           D:6 |       0 |     476 |   0.0 |       0 |      12 |   0.0 |   869
           D:7 |       0 |     660 |   0.0 |       0 |       8 |   0.0 |   482
               +---------+---------+-------+---------+---------+-------+---------
